 Dungeon Sprint DCSS version 0.27-a0-1228-gfd60fd639a (webtiles) character file.

Game seed: 15453279666197599521

299073 night the Heavyweight Champion (level 18, -2/236 HPs)
             Began as a Troll Fighter on June 7, 2021.
             Was an Initiate of Gozag.
             Killed from afar by a purple draconian stormcaller (45 damage)
             ... with a bolt of dispelling energy
             ... in the Dungeon (Sprint IX: "|||||||||||||||||||||||||||||").
             The game lasted 00:22:56 (4982 turns).

night the Heavyweight Champion (Troll Fighter)      Turns: 4982, Time: 00:22:57

Health: -2/236     AC: 35    Str: 32    XL:     18   Next: 66%
Magic:  39/39      EV:  9    Int: 10    God:    Gozag
Gold:   27306      SH: 22    Dex: 13    Spells: 27/35 levels left

rFire    + + .     SeeInvis .     - Unarmed
rCold    + + +     Faith    .   I - +0 tower shield
rNeg     . . .     Spirit   .   A - +9 ice dragon scales of the Poles {+Blink rF- rC++ Stlth+}
rPois    +         Reflect  .   u - +0 hat {Will+}
rElec    +         Harm     .   D - +2 cloak of the Tuna {rPois rCorr}
rCorr    +         Rampage  .   (gloves unavailable)
Will     +++..     Clarity  +   (boots unavailable) Stlth +.........NoTele +
                                N - amulet "Ruczeaff" {Regen+ Str+5 Dex+4}
HPRegen  2.49/turn              L - ring of Conformity {rF+ MP+9 Slay+2}
MPRegen  0.26/turn              w - ring "Tepupp" {rF+ rC+ Will+ Str-2}

@: mighty, resistant (expiring), gold aura, hasted (expiring), very quick
A: large, unfitting armour, claws 3, regeneration 1, shaggy fur 1, tough skin 1,
clarity
}: 5/17 runes: decaying, serpentine, barnacled, silver, gossamer
a: Renounce Religion, Evoke Blink, Potion Petition, Call Merchant, Bribe Branch


You were in the Dungeon.
You worshipped Gozag.
Gozag was extremely pleased with you.
You visited 1 branch You collected 33599 gold pieces.
You spent 669 gold pieces at shops.
You paid 5624 gold pieces to Gozag.

Inventory:

Missiles
 c - 20 silver javelins (quivered)
 h - 13 large rocks
 r - 46 stones
 s - 17 poisoned darts
 K - 6 boomerangs
Armour
 u - a +0 hat of willpower (worn)
 A - the +9 ice dragon scales of the Poles (worn) {+Blink rF- rC++ Stlth+}
   (You found it in the Dungeon)

   It makes you vulnerable to fire.
   It greatly protects you from cold.
   It lets you blink.
   It makes you more stealthy.
 D - the +2 cloak of the Tuna (worn) {rPois rCorr}
   (You bought it in a shop in the Dungeon)

   It protects you from poison.
   It protects you from acid and corrosion.
 I - a +0 tower shield (worn)
Jewellery
 a - the ring of Yllogif {rPois rN+ Will+}
   (You found it in the Dungeon)

   [ring of willpower]

   It protects you from poison.
   It protects you from negative energy.
   It increases your willpower.
 l - a ring of wizardry
 m - a +2 ring of protection
 w - the ring "Tepupp" (right claw) {rF+ rC+ Will+ Str-2}
   (You found it in the Dungeon)

   [ring of protection from fire]

   It affects your strength (-2).
   It protects you from fire.
   It protects you from cold.
   It increases your willpower.
 x - an amulet of the acrobat
 z - a ring of ice
 E - a ring of wizardry
 F - a +4 ring of protection
 L - the ring of Conformity (left claw) {rF+ MP+9 Slay+2}
   (You found it in the Dungeon)

   [ring of magical power]

   It affects your accuracy and damage with ranged weapons and melee attacks
   (+2).
   It protects you from fire.
   It affects your magic capacity (+9).
 M - the ring of Duat {Will+ SInv}
   (You found it in the Dungeon)

   [ring of see invisible]

   It lets you see invisible.
   It increases your willpower.
 N - the amulet "Ruczeaff" (around neck) {Regen+ Str+5 Dex+4}
   (You found it in the Dungeon)

   [amulet of regeneration]

   It affects your strength (+5).
   It affects your dexterity (+4).
   It increases your rate of health regeneration.
Wands
 g - a wand of paralysis (13)
 k - a wand of iceblast (7)
Scrolls
 i - 7 scrolls of blinking
 j - 2 scrolls of amnesia
 p - 6 scrolls of identify
 q - 4 scrolls of fear
 t - a scroll of magic mapping
 C - 6 scrolls of enchant weapon
 H - 4 scrolls of fog
Potions
 b - a potion of lignification {unknown}
 d - 10 potions of curing
 e - 11 potions of heal wounds
 f - a potion of brilliance
 n - 3 potions of resistance
 v - 9 potions of magic
 B - 3 potions of berserk rage
 G - a potion of might
 J - a potion of flight {unknown}
 O - 5 potions of haste
 P - a potion of ambrosia {unknown}
Miscellaneous
 o - a tin of tremorstones (2/2)


   Skills:
 O Level 27 Fighting
 + Level 12.4 Throwing
 * Level 26.7 Armour
 - Level 2.4 Dodging
 - Level 15.0 Shields
 O Level 27 Unarmed Combat
 + Level 9.0 Spellcasting
 + Level 10.6 Fire Magic
 + Level 10.6 Evocations


You had 27 spell levels left.
You knew the following spells:

 Your Spells              Type           Power      Damage    Failure   Level
a - Ignition              Fire           12%        3d6       100%        8

Your spell library contained the following spells:

 Spells                   Type           Power      Damage    Failure   Level
 Ignite Poison            Fire/Tmut/Pois 11%        N/A       16%         3
 Passwall                 Tmut/Erth      3%         N/A       32%         2
 Fireball                 Conj/Fire      7%         3d5       54%         5
 Summon Ice Beast         Ice/Summ       4%         N/A       91%         4
 Starburst                Conj/Fire      7%         8x6d4     98%         6
 Borgnjor's Vile Clutch   Necr/Erth      2%         N/A       99%         5
 Summon Hydra             Summ           2%         N/A       100%        7


Dungeon Overview and Level Annotations

Branches:
Dungeon (1/1)

Altars:
Cheibriados
Dithmenos
Elyvilon
Fedhas
Gozag
Hepliaklqana
Kikubaaqudgha
Makhleb
Nemelex Xobeh
Okawaru
Qazlal
Ru
Sif Muna
Trog
Uskayaw
Vehumet
Wu Jian
Xom
Yredelemnul
Zin
The Shining One
Beogh
Jiyva
Lugonu

Shops:
D =[([=!


Innate Abilities, Weirdness & Mutations

You are too large for most types of armour.
You have claws for hands.
Your natural rate of healing is unusually fast.
You are covered in fur. (AC +1)
You have tough skin. (AC +1)
You possess an exceptional clarity of mind.


Message History

54 gold pieces; a +9 club of venom You are standing in a thunderstorm.
The moth of wrath closely misses the green draconian.
Things that are here:
63 gold pieces; a +0 short sword; a +0 cloak You see here 216 gold pieces.
You eviscerate the moth of wrath!!!
You kill the moth of wrath!
The green draconian completely misses you.
You block the green draconian's attack.
There is an open door, spattered with blood here.
You see here 36 gold pieces.
You eviscerate the green draconian!!!!
The green draconian is almost dead.
You block the green draconian's attack. x2
The lindwurm is distracted by your dazzling golden aura, dreaming of imaginary riches.
You mangle the green draconian!!
You kill the green draconian!
The lindwurm is no longer distracted by gold.
You claw the swamp drake!
The swamp drake is heavily wounded.
A green draconian monk comes into view.
You closely miss the swamp drake.
The swamp drake is heavily wounded.
The purple draconian stormcaller is distracted by your dazzling golden aura, dreaming of imaginary riches.
The purple draconian stormcaller roars!
You mangle the swamp drake!!
You kill the swamp drake!
The swamp drake's corpse disappears in a puff of smoke!
Things that are here:
27 gold pieces; a +0 glaive You mangle the purple draconian stormcaller!!
The purple draconian stormcaller is no longer distracted by gold.
The purple draconian stormcaller is moderately wounded.
The death cob is distracted by your dazzling golden aura, dreaming of imaginary riches.
The purple draconian stormcaller breathes dispelling energy at you.
The bolt of dispelling energy hits you!!!
Your magical effects are unravelling.
You die...
Your body crumbles into a pile of gold.

▓.▓.▓.▓.▓.▓)▓.▓.
▓.▓.▓.▓.▓[▓.▓)▓.▓.
▓.▓.▓.▓.▓(▓.▓.▓.▓.
▓.▓.▓.▓.▓.▓.▓)▓.▓.
▓k▓.▓.▓.▓.▓.▓)▓)▓.
▓q▓.▓.▓.▓.▓.▓.▓.▓.
▓z▓.▓.▓.▓)▓.▓.▓.▓.
▓q▓.▓.▓.▓[▓.▓)▓.▓.
▓@▓.▓∩▓.▓)▓.▓)▓.▓.
▓$▓.▓!▓.▓)▓.▓.▓.▓.
▓$▓)▓.▓.▓)▓.▓)▓.▓.
▓$▓.▓.▓.▓)▓.▓.▓.▓.
▓$▓.▓.▓.▓)▓.▓)▓.▓.
▓$▓.▓.▓.▓)▓.▓)▓.▓.
▓$▓)▓.▓.▓)▓.▓)▓.▓.
▓$▓.▓.▓.▓)▓.▓)▓.▓.
▓$▓.▓.▓.▓)▓.▓.▓.▓.


You could see a green draconian monk, a death cob (unaware), a purple draconian
stormcaller (catching breath) and a lindwurm (summoned).

Vanquished Creatures
  Mennas (D)
  An orb of fire (D)
  Mara (D)
  Saint Roka (D)
  Margery (D)
  Frederick (D)
  A Killer Klown (D)
  Nikola (D)
  Jory (D)
  4 golden dragons (D)
  5 tentacled monstrosities (D)
  A titan (D)
  Gastronok (D)
  A sphinx (D)
  Kirke (D)
  2 draconian monks (D)
  6 shadow dragons (D)
  Donald (D)
  Ilsuiw (D)
  A tengu reaver (D)
  5 nagarajas (D)
  3 fire giants (D)
  Louise (D)
  A frost giant (D)
  A vault warden (D)
  An orc warlord (D)
  5 emperor scorpions (D)
  2 ghost moths (D)
  A deep elf sorcerer (D)
  2 draconian shifters (D)
  A spriggan defender (D)
  3 ironbound preservers (D)
  4 stone giants (D)
  A vampire knight (D)
  A very ugly thing (D)
  2 green draconians (D)
  4 black draconians (D)
  7 red draconians (D)
  A bunyip (D)
  A purple draconian (D)
  3 spark wasps (D)
  6 merfolk impalers (D)
  3 ettins (D)
  6 fire dragons (D)
  3 eleionomae (D)
  2 merfolk javelineers (D)
  Josephine (D)
  2 yaktaur captains (D)
  5 naga warriors (D)
  2 great orbs of eyes (D)
  A peacekeeper (D)
  25 vault guards (D)
  An ogre mage (D)
  A rakshasa (D)
  5 hydras (D)
  2 spriggan air magi (D)
  4 ice dragons (D)
  An ironbound thunderhulk (D)
  A merfolk avatar (D)
  A catoblepas (D)
  An ironbound frostheart (D)
  4 centaur warriors (D)
  A satyr (D)
  3 merfolk aquamancers (D)
  A two-headed ogre (D)
  A naga sharpshooter (D)
  A spriggan berserker (D)
  2 tengu warriors (D)
  4 deep troll shamans (D)
  2 shock serpents (D)
  8 orc high priests (D)
  4 hell knights (D)
  6 swamp dragons (D)
  A sea snake (D)
  2 spriggan druids (D)
  A glowing orange brain (D)
  7 necromancers (D)
  A phantasmal warrior (D)
  6 orc knights (D)
  3 wizards (D)
  7 ironbound convokers (D)
  3 wolf spiders (D)
  2 manticores (D)
  3 orc sorcerers (D)
  2 will-o-the-wisps (D)
  3 ugly things (D)
  3 orb spiders (D)
  3 moths of wrath (D)
  Maurice (D)
  3 black mambas (D)
  9 elephants (D)
  3 guardian serpents (D)
  2 merfolk sirens (D)
  2 naga magi (D)
  3 vault sentinels (D)
  3 cane toads (D)
  A freezing wraith (D)
  Psyche (D)
  A rime drake (D)
  2 yaktaurs (D)
  2 komodo dragons (D)
  3 demonic crawlers (D)
  A troll (D)
  4 merfolk (D)
  A polar bear (D)
  2 jumping spiders (D)
  A tyrant leech (D)
  A blink frog (shapeshifter) (D)
  A blink frog (D)
  A tarantella (D)
  2 redbacks (D)
  5 wraiths (D)
  A tarantella (shapeshifter) (D)
  A wyvern (D)
  2 hogs (D)
  2 yaks (D)
  A vampire mosquito (D)
  A warg (D)
  An acid dragon (D)
  3 nagas (D)
  3 water moccasins (D)
  A swamp drake (D)
  11 orc warriors (D)
  3 ogres (D)
  A wolf (D)
  A bullfrog (D)
  A scorpion (D)
  A killer bee (D)
  A howler monkey (D)
  5 orc priests (D)
  An orc wizard (D)
  An adder (D)
  8 orcs (D)
  A ball python (D)
  An endoplasm (D)
  A hobgoblin (D)
  A jackal (D)
  A quokka (D)
  A bat (D)
  A jackal zombie (D)
352 creatures vanquished.

Vanquished Creatures (others)
  A sphinx (D)
  A merfolk (D)
  4 humans (D)
  13 foxfires (D)
19 creatures vanquished.

Grand Total: 371 creatures vanquished

Notes
Turn   | Place    | Note
-------+----------+-------------------------------------------
     0 | D        | night the Troll Fighter began the quest for the Orb.
     0 | D        | Reached XP level 1. HP: 22/22 MP: 0/0
    26 | D        | Noticed a scorpion
    26 | D        | Noticed an ogre
    26 | D        | Noticed an ogre
    30 | D        | Killed an ogre
    31 | D        | Reached XP level 2. HP: 10/29 MP: 1/1
    31 | D        | Reached XP level 3. HP: 12/36 MP: 2/2
    31 | D        | Reached XP level 4. HP: 15/44 MP: 3/3
    33 | D        | Killed an ogre
    34 | D        | Reached skill level 10 in Unarmed Combat
    34 | D        | Reached XP level 5. HP: 15/50 MP: 4/4
    49 | D        | Reached skill level 12 in Unarmed Combat
    81 | D        | Found a snail-covered altar of Cheibriados.
    81 | D        | Found a shadowy altar of Dithmenos.
    81 | D        | Found a white marble altar of Elyvilon.
    81 | D        | Found a blossoming altar of Fedhas.
    81 | D        | Found an opulent altar of Gozag.
    82 | D        | Found a hazy altar of Hepliaklqana.
    83 | D        | Found a viscous altar of Jiyva.
    84 | D        | Found an ancient bone altar of Kikubaaqudgha.
    85 | D        | Found a corrupted altar of Lugonu.
    86 | D        | Found a burning altar of Makhleb.
    87 | D        | Found a sparkling altar of Nemelex Xobeh.
    88 | D        | Found an iron altar of Okawaru.
    89 | D        | Became a worshipper of Gozag Ym Sagoz the Greedy
    90 | D        | Found a stormy altar of Qazlal.
    91 | D        | Found a sacrificial altar of Ru.
    92 | D        | Found a shimmering blue altar of Sif Muna.
    93 | D        | Found a bloodstained altar of Trog.
    94 | D        | Found a hide-covered altar of Uskayaw.
    95 | D        | Found a radiant altar of Vehumet.
    96 | D        | Found an ornate altar of the Wu Jian Council.
    97 | D        | Found a shimmering altar of Xom.
    98 | D        | Found a basalt altar of Yredelemnul.
    99 | D        | Found a glowing silver altar of Zin.
   100 | D        | Found a glowing golden altar of the Shining One.
   131 | D        | Noticed a two-headed ogre
   131 | D        | Noticed an acid dragon
   131 | D        | Noticed a yak
   136 | D        | Killed a yak
   137 | D        | Reached XP level 6. HP: 59/59 MP: 5/5
   141 | D        | Reached skill level 14 in Unarmed Combat
   146 | D        | Killed an acid dragon
   147 | D        | Reached XP level 7. HP: 56/66 MP: 6/6
   149 | D        | Killed a two-headed ogre
   150 | D        | Reached skill level 16 in Unarmed Combat
   150 | D        | Reached XP level 8. HP: 50/74 MP: 7/7
   185 | D        | Noticed a centaur warrior
   185 | D        | Noticed a centaur warrior
   185 | D        | Noticed a manticore
   185 | D        | Noticed a centaur warrior
   185 | D        | Noticed a troll
   196 | D        | Killed a troll
   202 | D        | Killed a centaur warrior
   203 | D        | Reached XP level 9. HP: 26/80 MP: 8/8
   205 | D        | Killed a manticore
   209 | D        | Killed a centaur warrior
   210 | D        | Reached skill level 20 in Unarmed Combat
   220 | D        | Killed a centaur warrior
   221 | D        | Reached XP level 10. HP: 32/88 MP: 9/9
   362 | D        | Gained mutation: You possess an exceptional clarity of
                  | mind. [potion of mutation]
   377 | D        | Noticed a cane toad
   377 | D        | Noticed a black mamba
   379 | D        | Noticed a cane toad
   384 | D        | Killed a black mamba
   387 | D        | Killed a cane toad
   397 | D        | Killed a cane toad
   398 | D        | Reached skill level 5 in Fighting
   398 | D        | Reached skill level 5 in Shields
   459 | D        | Noticed a black mamba
   461 | D        | Noticed an elephant
   471 | D        | Noticed a cane toad
   477 | D        | Killed a black mamba
   484 | D        | Killed an elephant
   492 | D        | Killed a cane toad
   513 | D        | Noticed an elephant
   513 | D        | Noticed an elephant
   513 | D        | Noticed an elephant
   513 | D        | Noticed an elephant
   513 | D        | Noticed an elephant
   513 | D        | Noticed an elephant
   520 | D        | Killed an elephant
   521 | D        | Reached XP level 11. HP: 94/109 MP: 10/10
   603 | D        | Noticed Josephine
   615 | D        | Killed Josephine
   768 | D        | Noticed an orc high priest
   778 | D        | Noticed a sun demon
   779 | D        | Killed an orc high priest
   823 | D        | Found Lukaas's Distillery.
   823 | D        | Noticed an orc high priest
   823 | D        | Noticed an orc knight
   823 | D        | Noticed an orc knight
   823 | D        | Noticed an orc knight
   823 | D        | Noticed an orc high priest
   824 | D        | Noticed an orc knight
   825 | D        | Killed an orc high priest
   825 | D        | Noticed an orc knight
   826 | D        | Reached skill level 10 in Fighting
   826 | D        | Reached skill level 10 in Shields
   828 | D        | Killed an orc knight
   830 | D        | Found Qubboage's Jewellery Shop.
   832 | D        | Noticed an orc high priest
   833 | D        | Killed an orc knight
   835 | D        | Noticed a sixfirhy
   836 | D        | Killed an orc knight
   837 | D        | Found Zunwom Ceun's Armour Boutique.
   844 | D        | Killed an orc high priest
   845 | D        | Reached XP level 12. HP: 76/128 MP: 11/11
   854 | D        | Found Herphaisk's Antique Weapon Shop.
   864 | D        | Killed an orc high priest
   971 | D        | Noticed an orc high priest
   994 | D        | Noticed an orc high priest
   998 | D        | HP: 16/130 [hellwing[an orc high priest] (5)]
   998 | D        | Noticed an orc high priest
  1006 | D        | Killed an orc high priest
  1008 | D        | Noticed an orc high priest
  1011 | D        | Killed an orc high priest
  1016 | D        | Killed an orc high priest
  1028 | D        | Killed an orc high priest
  1112 | D        | Bought a potion of invisibility for 104 gold pieces
  1112 | D        | Bought a potion of heal wounds for 65 gold pieces
  1152 | D        | Noticed Gastronok
  1186 | D        | Killed Gastronok
  1187 | D        | Reached skill level 12 in Fighting
  1187 | D        | Reached skill level 12 in Shields
  1254 | D        | Noticed Maurice
  1255 | D        | Paralysed by Maurice for 4 turns
  1272 | D        | Killed Maurice
  1350 | D        | Got the +9 ice dragon scales of the Poles {+Blink rF- rC++
                  | Stlth+}
  1378 | D        | Noticed a centaur warrior
  1378 | D        | Noticed a tengu warrior
  1378 | D        | Noticed a catoblepas
  1392 | D        | Killed a catoblepas
  1393 | D        | Noticed a fire giant
  1397 | D        | Noticed a stone giant
  1400 | D        | Killed a tengu warrior
  1401 | D        | Reached skill level 24 in Unarmed Combat
  1407 | D        | Noticed a spark wasp
  1411 | D        | Killed a centaur warrior
  1412 | D        | Noticed a great orb of eyes
  1419 | D        | Noticed a stone giant
  1423 | D        | Killed a fire giant
  1429 | D        | Killed a stone giant
  1430 | D        | Reached XP level 13. HP: 97/144 MP: 12/12
  1445 | D        | Killed a spark wasp
  1459 | D        | Killed a stone giant
  1604 | D        | Noticed a merfolk javelineer
  1621 | D        | Killed a merfolk javelineer
  1638 | D        | Reached skill level 14 in Fighting
  1644 | D        | Reached skill level 14 in Shields
  1660 | D        | Noticed an eleionoma
  1660 | D        | Noticed an eleionoma
  1665 | D        | Noticed an eleionoma
  1669 | D        | Killed an eleionoma
  1670 | D        | Reached skill level 1 in Armour
  1680 | D        | Reached skill level 2 in Armour
  1683 | D        | Killed an eleionoma
  1814 | D        | Killed an eleionoma
  1817 | D        | Noticed an emperor scorpion
  1834 | D        | Killed an emperor scorpion
  1878 | D        | Noticed a nagaraja
  1890 | D        | Reached skill level 5 in Armour
  1909 | D        | Killed a nagaraja
  1926 | D        | HP: 22/149 [poisoned by a redback]
  1930 | D        | HP: 10/149 [poisoned by a redback]
  1935 | D        | Reached XP level 14. HP: 37/159 MP: 13/13
  1936 | D        | HP: 29/238 [redback (10)]
  2091 | D        | Bought the +2 cloak of the Tuna {rPois rCorr} for 500 gold
                  | pieces
  2130 | D        | Noticed Psyche
  2136 | D        | Killed Psyche
  2181 | D        | Noticed Kirke
  2193 | D        | Killed Kirke
  2213 | D        | HP: 22/161 [shock serpent/bolt of electricity[a spriggan
                  | druid] (25)]
  2362 | D        | Noticed a brown very ugly thing
  2372 | D        | Killed a brown very ugly thing
  2373 | D        | Reached skill level 26 in Unarmed Combat
  2383 | D        | Reached skill level 16 in Fighting
  2389 | D        | HP: 21/155 [something/bolt of negative energy (30)]
  2413 | D        | Noticed a sphinx
  2415 | D        | Noticed a sphinx
  2433 | D        | HP: 17/163 [sphinx/divine providence (13)]
  2469 | D        | Killed a sphinx
  2470 | D        | Reached skill level 10 in Armour
  2478 | D        | Killed a sphinx
  2604 | D        | Noticed an ironbound preserver
  2616 | D        | Killed an ironbound preserver
  2632 | D        | Noticed an orc warlord
  2635 | D        | Noticed an ironbound preserver
  2643 | D        | Reached skill level 27 in Unarmed Combat
  2656 | D        | Killed an orc warlord
  2657 | D        | Reached skill level 12 in Armour
  2662 | D        | Killed an ironbound preserver
  2671 | D        | Reached XP level 15. HP: 135/176 MP: 14/14
  2674 | D        | Reached skill level 18 in Fighting
  2972 | D        | Noticed Mennas
  3015 | D        | Killed Mennas
  3016 | D        | Reached skill level 14 in Armour
  3048 | D        | Noticed Louise
  3060 | D        | Killed Louise
  3091 | D        | Noticed Saint Roka
  3116 | D        | Killed Saint Roka
  3183 | D        | Reached skill level 20 in Fighting
  3201 | D        | Reached skill level 16 in Armour
  3230 | D        | Got a decaying rune of Zot
  3268 | D        | Killed a ghost moth
  3296 | D        | Killed a ghost moth
  3334 | D        | Got a gossamer rune of Zot
  3419 | D        | Noticed a nagaraja
  3419 | D        | Noticed a nagaraja
  3420 | D        | Noticed a nagaraja
  3421 | D        | Killed a nagaraja
  3428 | D        | Noticed a nagaraja
  3437 | D        | Killed a nagaraja
  3438 | D        | Reached XP level 16. HP: 163/197 MP: 15/15
  3443 | D        | Reached skill level 18 in Armour
  3474 | D        | Noticed Ilsuiw
  3494 | D        | Killed Ilsuiw
  3563 | D        | Got a barnacled rune of Zot
  3586 | D        | Got a serpentine rune of Zot
  3683 | D        | Noticed Mara
  3696 | D        | Noticed night's illusion
  3704 | D        | Killed Mara
  3705 | D        | Reached skill level 20 in Armour
  3829 | D        | Reached skill level 24 in Fighting
  3880 | D        | Noticed a tengu reaver
  3896 | D        | Killed a tengu reaver
  3911 | D        | Noticed a shadow dragon
  3914 | D        | Noticed a shadow dragon
  3920 | D        | Reached XP level 17. HP: 161/218 MP: 16/16
  4071 | D        | Noticed a tentacled monstrosity
  4071 | D        | Noticed a golden dragon
  4072 | D        | Noticed a golden dragon
  4093 | D        | Killed a golden dragon
  4094 | D        | Noticed a titan
  4099 | D        | Identified the Tome of Ashen Calling
  4105 | D        | Killed a tentacled monstrosity
  4106 | D        | Reached skill level 26 in Fighting
  4108 | D        | Killed a golden dragon
  4125 | D        | Killed a titan
  4126 | D        | Reached skill level 24 in Armour
  4126 | D        | Identified the +0 plate armour "Haol" {rElec Str+4 Int+3}
  4129 | D        | Identified the +6 scale mail of Zoazad {rElec Str+4}
  4140 | D        | Got a silver rune of Zot
  4215 | D        | Noticed Jory
  4226 | D        | Killed Jory
  4302 | D        | Got the ring of Conformity {rF+ MP+9 Slay+2}
  4304 | D        | Got the ring of Duat {Will+ SInv}
  4306 | D        | Got the amulet "Ruczeaff" {Regen+ Str+5 Dex+4}
  4321 | D        | Got the ring of Yllogif {rPois rN+ Will+}
  4323 | D        | Got the ring "Tepupp" {rF+ rC+ Will+ Str-2}
  4329 | D        | Found the +7 mace of Variability {chain chaos}
  4356 | D        | Learned a level 8 spell: Ignition
  4439 | D        | Noticed Nikola
  4446 | D        | Noticed Donald
  4447 | D        | Killed Nikola
  4448 | D        | Reached skill level 2 in Throwing
  4448 | D        | Reached skill level 1 in Spellcasting
  4448 | D        | Reached skill level 1 in Fire Magic
  4448 | D        | Reached skill level 1 in Evocations
  4453 | D        | Killed Donald
  4454 | D        | Reached skill level 2 in Fire Magic
  4454 | D        | Reached skill level 2 in Evocations
  4479 | D        | Noticed Margery
  4486 | D        | Reached skill level 2 in Spellcasting
  4495 | D        | Killed Margery
  4518 | D        | Noticed Frederick
  4615 | D        | Killed Frederick
  4616 | D        | Reached skill level 27 in Fighting
  4616 | D        | Reached skill level 5 in Throwing
  4661 | D        | Reached skill level 5 in Fire Magic
  4661 | D        | Reached skill level 5 in Evocations
  4691 | D        | Reached skill level 5 in Spellcasting
  4717 | D        | Noticed a golden dragon
  4728 | D        | Killed a golden dragon
  4729 | D        | Reached XP level 18. HP: 231/236 MP: 25/25
  4805 | D        | Noticed an orb of fire
  4805 | D        | Noticed a tentacled monstrosity
  4820 | D        | Killed an orb of fire
  4827 | D        | Killed a tentacled monstrosity
  4828 | D        | Reached skill level 10 in Throwing
  4892 | D        | Noticed a Killer Klown
  4892 | D        | Noticed a tentacled monstrosity
  4899 | D        | Killed a tentacled monstrosity
  4900 | D        | Reached skill level 26 in Armour
  4936 | D        | Noticed a tentacled monstrosity
  4936 | D        | Noticed a golden dragon
  4936 | D        | Noticed a tentacled monstrosity
  4944 | D        | Killed a Killer Klown
  4945 | D        | Reached skill level 10 in Fire Magic
  4945 | D        | Reached skill level 10 in Evocations
  4949 | D        | Killed a tentacled monstrosity
  4953 | D        | HP: 30/236 [golden dragon (13)]
  4960 | D        | Killed a golden dragon
  4961 | D        | Reached skill level 12 in Throwing
  4963 | D        | Killed a tentacled monstrosity
  4970 | D        | HP: 29/236 [purple draconian stormcaller (42)]
  4982 | D        | Killed from afar by a purple draconian stormcaller

Illustrated notes

Levels and vault maps discovered:
D:        linesprint [early_d, line_temple, items_1, d_10, items_2, lair_1,
          lair_end, items_3, orc_1, orc_end, items_4, d_15, swamp_1, shoals_1,
          snake_1, spider_1, d_20, vaults_1, items_5, swamp_end, shoals_end,
          snake_end, spider_end, vaults_end, d_27, items_6, zot_1, zot_end,
          crypt_end, forest_end, elf_end, slime_end, tomb_end, abyss_end,
          pan_hell_end]

Skill      XL: |  1  2  3  4  5  6  7  8  9 10 11 12 13 14 15 16 17 18 |
---------------+-------------------------------------------------------+-----
Unarmed Combat | 8 10 13 14 16 19 21 22 23 24 25 27 | 27.0
Fighting       | 7 10 13 15 17 21 24 27 | 27.0
Shields        | 7 10 13 15 | 15.0
Armour         | 6 12 17 22 24 26 | 26.7
Throwing       | 8 12 | 12.4
Spellcasting   | 5 9 |  9.0
Fire Magic     | 6 10 | 10.6
Evocations     | 6 10 | 10.6
Dodging        | |  2.4

Action                   |  1- 3 |  4- 6 |  7- 9 | 10-12 | 13-15 | 16-18 || total
-------------------------+-------+-------+-------+-------+-------+-------++-------
Melee: Unarmed           |    14 |    25 |    32 |   308 |   568 |   537 ||  1484
Throw: Large rock        |       |       |       |       |    12 |       ||    12
       Javelin           |       |       |       |       |     3 |       ||     3
Invok: Potion Petition   |       |       |       |     1 |     7 |     1 ||     9
       Call Merchant     |       |       |       |       |     1 |     1 ||     2
Evoke: Wand              |       |       |     2 |     1 |       |       ||     3
       Tin of tremorston |       |       |       |       |     1 |       ||     1
  Use: Potion            |     1 |     2 |     2 |     4 |     2 |       ||    11
       Scroll            |       |       |       |       |     1 |       ||     1
 Stab: Distracted        |       |       |     1 |     4 |     6 |     9 ||    20
       Invisible         |       |       |       |     8 |     1 |       ||     9
Armor: Robe              |     2 |     3 |    18 |    35 |       |       ||    58
       Ice dragon scales |       |       |       |     9 |   148 |   107 ||   264
       Skin              |       |       |       |       |    11 |       ||    11
Dodge: Dodged            |     4 |     6 |    11 |    45 |   100 |    40 ||   206
Block: Kite shield       |     8 |     9 |    10 |    87 |   140 |       ||   254
       Tower shield      |       |       |       |       |    80 |   233 ||   313

Table legend: (Time is in decaauts)
 A = Elapsed time spent in this place.
 B = Non-inter-level travel time spent in this place.
 C = Inter-level travel time spent in this place.
 D = Time resting spent in this place.
 E = Time spent auto-exploring this place.
 F = Levels seen in this place.
 G = Mean time per level.
                   A        B        C        D        E       F      G
               +--------+--------+--------+--------+--------+-----+--------+
         Total |   4315 |   4315 |      0 |    675 |   1268 |   1 | 4315.0 |
       Dungeon |   4315 |   4315 |      0 |    675 |   1268 |   1 | 4315.0 |
               +--------+--------+--------+--------+--------+-----+--------+

Top non-repeatable levels by time:
       D: 4315 daAuts
